 Dungeon Crawl Stone Soup version 0.27-a0-1081-ge8a0a9c698 (webtiles) character file.

Game seed: 12261222246169470699

6487 tilp the Slicer (level 11, -3/55 HPs)
             Began as a Vine Stalker Brigand on Apr 25, 2021.
             Was a Follower of Uskayaw.
             Shot with an arrow by a centaur (12 damage)
             ... on level 10 of the Dungeon.
             The game lasted 00:19:24 (9763 turns).

tilp the Slicer (Vine Stalker Brigand)              Turns: 9763, Time: 00:19:25

Health: -3/55      AC: 11    Str: 14    XL:     11   Next: 0%
Magic:  0/18       EV:  7    Int: 11    God:    Uskayaw [*.....]
Gold:   1454       SH:  7    Dex: 19    Spells: 10/10 levels left

rFire    . . .     SeeInvis +   a - +4 dagger (venom)
rCold    . . .     Faith    .   B - +0 kite shield
rNeg     . . .     Spirit   +   f - +0 scale mail
rPois    .         Reflect  .   k - +1 helmet
rElec    .         Harm     .   c - +0 cloak
rCorr    +         Rampage  .   D - +0 pair of gloves
Will     +....                  m - +0 pair of boots
Stlth    +++.......             (no amulet)
HPRegen  1.18/turn              g - ring of resist corrosion
MPRegen  0.16/turn              v - ring of see invisible

@: about to teleport
A: fangs 3, regeneration 1, magic shield, antimagic bite, no potion heal 2
a: Renounce Religion, Stomp


You were on level 10 of the Dungeon.
You worshipped Uskayaw.
Uskayaw was aware of your devotion.
You visited 1 branch of the dungeon, and saw 10 of its levels.
You also visited: Ossuary.

You collected 1526 gold pieces.
You spent 72 gold pieces at shops.

Inventory:

Hand Weapons
 a - a +4 dagger of venom (weapon)
 b - a +4 dagger of electrocution
 G - the +6 mace "Jupax" {venom, rElec Will+ Str-5}
   (You found it on level 7 of the Dungeon)

   It poisons the flesh of those it strikes.
   It affects your strength (-5).
   It insulates you from electricity.
   It increases your willpower.
 I - a +3 dagger of flaming
Missiles
 d - 47 poisoned darts (quivered)
 e - 4 curare-tipped darts {!f}
 J - 2 boomerangs
Armour
 c - a +0 cloak (worn)
 f - a +0 scale mail (worn)
 k - a +1 helmet (worn)
 m - a +0 pair of boots (worn)
 t - a +0 chain mail
 B - a +0 kite shield (worn)
 D - a +0 pair of gloves (worn)
Jewellery
 g - a ring of resist corrosion (left hand)
 u - a +6 ring of intelligence
 v - a ring of see invisible (right hand)
Wands
 q - a wand of mindburst (24)
 F - a wand of iceblast (9)
 H - a wand of polymorph (10)
Scrolls
 p - 3 scrolls of teleportation
 x - 2 scrolls of fog
 y - a scroll of blinking
Potions
 h - 4 potions of curing
 i - 2 potions of ambrosia
 j - 5 potions of flight
 l - a potion of might {unknown}
 n - 2 potions of lignification {unknown}
 o - 4 potions of cancellation
 r - 3 potions of brilliance {unknown}
 w - 4 potions of attraction {unknown}
 z - 2 potions of haste {unknown}
 A - 2 potions of heal wounds {unknown}
 C - 3 potions of mutation {unknown}
 E - a potion of magic {unknown}


   Skills:
 + Level 5.1 Fighting
 - Level 10.0 Short Blades
 - Level 1.7 Throwing
 - Level 2.0 Dodging
 + Level 7.7 Stealth
 + Level 8.8 Invocations
 - Level 4.0 Evocations


You had 10 spell levels left.
You didn't know any spells.
Your spell library contained the following spells:

 Spells                   Type           Power      Damage    Failure   Level
 Freeze                   Ice            0%         1d3       100%        1
 Frozen Ramparts          Ice            0%         1d2       100%        3
 Ozocubu's Armour         Ice            0%         N/A       100%        3
 Hailstorm                Conj/Ice       0%         3d3       100%        4
 Metabolic Englaciation   Hex/Ice        0%         N/A       100%        5


Dungeon Overview and Level Annotations

Branches:
Dungeon (10/15)            Temple (0/1) D:6            Lair (0/6) D:9
Ossuary (visited)
    Orc: D:9-12

Altars:
Ashenzari
Cheibriados
Fedhas
Gozag
Kikubaaqudgha
Makhleb
Qazlal
Ru
Trog
Uskayaw
Vehumet
Wu Jian
The Shining One

Shops:
D:6 *


Innate Abilities, Weirdness & Mutations

You have razor-sharp teeth.
Your natural rate of healing is unusually fast.
When hurt, damage is shared between your health and your magic reserves.
Your bite disrupts and absorbs the magic of your enemies.
Potions cannot restore your health.


Message History

* * * LOW HITPOINT WARNING * * *
The centaur hits you.
* * * LOW HITPOINT WARNING * * *
The centaur kicks you.
* * * LOW HITPOINT WARNING * * *
Things that are here:
a hornet corpse; a yak corpse You hit the yak.
The yak is poisoned.
You bite the yak! You drain its power.
You feel invigorated.
The yak is severely wounded.
The yak gores you!
* * * LOW HITPOINT WARNING * * *
The centaur hits you.
* * * LOW HITPOINT WARNING * * *
You block the centaur's attack.
The centaur wields a +0 shortbow.
The centaur shoots an arrow.
The arrow hits you.
* * * LOW HITPOINT WARNING * * *
You hit the yak.
The yak looks as sick as possible!
The yak is almost dead.
The yak gores you!
* * * LOW HITPOINT WARNING * * *
Unknown command.
Blink to where?
Press: ? - help, Dir - move target
As you read the scroll of blinking, it crumbles to dust.
You feel a bit more experienced.
You have reached level 11!
The centaur shoots an arrow.
The arrow hits you!
* * * LOW HITPOINT WARNING * * *
The centaur shoots an arrow.
You block the arrow.
There is an open door here.
The centaur shoots an arrow.
The arrow hits you.
* * * LOW HITPOINT WARNING * * *
You close the door.
As you read the scroll of teleportation, it crumbles to dust.
You feel strangely unstable.
A centaur opens the door.
You can no longer pass through a line of other dancers.
The centaur shoots an arrow.
The arrow hits you!
You die...

###'### #...# ##'########
#.........# #.........#
#......# #.........#
#......# #.........#
#......# #.........#
#......# . #........@###
#......#.#
#.........'c####........#
#.........#....#......#
######+#######........#
###.....)# ##.##### #.##
#..# ##Y#


You could see a centaur.

Vanquished Creatures
  A two-headed ogre (D:9)
  2 hornets
  Grinder (D:3)
  Prince Ribbit (D:8)
  Sigmund (D:2)
  A vampire (D:8)
  4 yaks (D:10)
  3 wyverns
  A steam dragon (D:8)
  A water moccasin (D:8)
  2 orc warriors
  2 ice beasts
  2 necrophages
  2 black bears
  A sky beast (D:8)
  2 phantoms
  3 centaurs
  4 bullfrogs
  2 gnoll sergeants
  2 scorpions
  15 wights
  A howler monkey (D:7)
  2 centaur zombies
  Crazy Yiuf (D:3)
  7 orc priests
  A centaur skeleton (D:5)
  5 iguanas
  7 orc wizards
  Natasha (thrice) (D:3)
  A hound skeleton (D:5)
  A mummy (Ossuary)
  A howler monkey zombie (D:9)
  Robin (D:2)
  20 gnolls
  A howler monkey skeleton (D:6)
  10 adders
  2 white imps
  An adder skeleton (D:4)
  5 dart slugs
  17 orcs
  4 spectral bats (Ossuary)
  8 endoplasms
  6 giant cockroaches
  12 gnoll zombies (Ossuary)
  19 goblins
  8 hobgoblins
  8 jackals
  4 kobolds
  3 quokkas
  3 ball pythons
  8 bats
  2 bat simulacra (Ossuary)
  2 frilled lizards
  5 goblin simulacra (Ossuary)
  2 goblin zombies (Ossuary)
  4 hobgoblin zombies (Ossuary)
  3 kobold simulacra (Ossuary)
  4 kobold zombies (Ossuary)
  8 orc zombies (Ossuary)
  5 rats
  5 rat simulacra (Ossuary)
  4 spectral goblins (Ossuary)
  3 spectral kobolds (Ossuary)
  3 spectral rats (Ossuary)
273 creatures vanquished.

Vanquished Creatures (others)
  A fungus (D:3)
1 creature vanquished.

Grand Total: 274 creatures vanquished

Notes
Turn   | Place    | Note
-------+----------+-------------------------------------------
     0 | D:1      | tilp the Vine Stalker Brigand began the quest for the Orb.
     0 | D:1      | Reached XP level 1. HP: 11/11 MP: 2/2
    47 | D:1      | Reached skill level 2 in Short Blades
    87 | D:1      | Reached XP level 2. HP: 15/15 MP: 3/3
   596 | D:1      | Reached XP level 3. HP: 16/19 MP: 4/4
  1663 | D:2      | Noticed Robin
  1667 | D:2      | Gained mutation: Your natural rate of healing is unusually
                  | fast. [Vine Stalker growth]
  1667 | D:2      | Reached XP level 4. HP: 21/23 MP: 5/5
  1671 | D:2      | Reached skill level 3 in Short Blades
  2150 | D:2      | Noticed Sigmund
  2210 | D:2      | Killed Robin
  2676 | D:3      | Reached XP level 5. HP: 27/28 MP: 6/6
  2769 | D:3      | Noticed Natasha
  2776 | D:3      | Killed Natasha
  2834 | D:3      | Noticed Grinder
  2845 | D:3      | Found a sacrificial altar of Ru.
  2846 | D:3      | Found a stormy altar of Qazlal.
  2847 | D:3      | Found a bloodstained altar of Trog.
  2847 | D:3      | Found an opulent altar of Gozag.
  2847 | D:3      | Found a hide-covered altar of Uskayaw.
  2848 | D:3      | Found a burning altar of Makhleb.
  2849 | D:3      | Found an ornate altar of the Wu Jian Council.
  2859 | D:3      | Became a worshipper of Uskayaw the Reveller
  3034 | D:3      | Reached * piety under Uskayaw
  3146 | D:3      | Found a glowing golden altar of the Shining One.
  3194 | D:3      | Noticed Natasha
  3205 | D:3      | Killed Natasha
  3205 | D:3      | Reached ** piety under Uskayaw
  3366 | D:3      | Noticed Natasha
  3374 | D:3      | Killed Natasha
  3375 | D:3      | Reached skill level 4 in Short Blades
  3554 | D:4      | Reached XP level 6. HP: 33/33 MP: 7/7
  3602 | D:4      | Found a broken altar of Ashenzari.
  3618 | D:4      | Reached skill level 1 in Invocations
  3683 | D:4      | Noticed a necrophage
  3694 | D:4      | Found a blossoming altar of Fedhas.
  3696 | D:4      | Found an ancient bone altar of Kikubaaqudgha.
  3706 | D:4      | Reached *** piety under Uskayaw
  3707 | D:4      | Killed a necrophage
  3852 | D:4      | Reached XP level 7. HP: 30/37 MP: 8/10
  4166 | D:4      | Identified a scroll of acquirement
  4166 | D:4      | Acquired 945 gold pieces
  4186 | D:5      | Entered Level 5 of the Dungeon
  4284 | D:5      | Found a sand-covered staircase.
  4291 | Ossuary  | Entered an ossuary
  4403 | Ossuary  | Reached **** piety under Uskayaw
  4408 | Ossuary  | Reached ***** piety under Uskayaw
  5043 | D:5      | Reached skill level 5 in Invocations
  5316 | D:2      | Killed Sigmund
  5317 | D:2      | Reached skill level 5 in Short Blades
  5317 | D:2      | Gained mutation: You have razor-sharp teeth. [Vine Stalker
                  | growth]
  5317 | D:2      | Reached XP level 8. HP: 42/42 MP: 11/13
  5377 | D:3      | Paralysed by Grinder for 4 turns
  5398 | D:3      | Killed Grinder
  5514 | D:3      | Found a runed translucent door.
  5515 | D:3      | Noticed Crazy Yiuf
  5524 | D:3      | Killed Crazy Yiuf
  5645 | D:6      | Reached skill level 6 in Short Blades
  5745 | D:6      | Found Pecadwuo's General Store.
  5752 | D:6      | Bought a potion of curing for 36 gold pieces
  5752 | D:6      | Bought a scroll of teleportation for 36 gold pieces
  6191 | D:6      | Reached skill level 7 in Short Blades
  6287 | D:6      | Found a radiant altar of Vehumet.
  6306 | D:6      | Found a staircase to the Ecumenical Temple.
  6667 | D:6      | Reached skill level 8 in Short Blades
  6667 | D:6      | Reached XP level 9. HP: 16/44 MP: 14/14
  6668 | D:6      | Reached skill level 1 in Dodging
  6668 | D:6      | Reached skill level 5 in Stealth
  6757 | D:7      | Found a snail-covered altar of Cheibriados.
  7244 | D:7      | Reached skill level 9 in Short Blades
  7698 | D:7      | Identified the +6 mace "Jupax" {venom, rElec Will+ Str-5}
  8053 | D:8      | Reached skill level 10 in Short Blades
  8331 | D:8      | Reached skill level 1 in Evocations
  8331 | D:8      | Reached XP level 10. HP: 27/49 MP: 7/15
  8626 | D:8      | Noticed Prince Ribbit
  8633 | D:8      | Killed Prince Ribbit
  8896 | D:9      | Found a staircase to the Lair.
  9328 | D:9      | Noticed a two-headed ogre
  9335 | D:9      | Killed a two-headed ogre
  9681 | D:10     | Entered Level 10 of the Dungeon
  9742 | D:10     | Reached skill level 5 in Fighting
  9751 | D:10     | HP: 2/51 [yak (4)]
  9754 | D:10     | Reached XP level 11. HP: 5/55 MP: 3/18
  9763 | D:10     | Shot with an arrow by a centaur

Illustrated notes

Levels and vault maps discovered:
D:1:      dpeg_arrival_central, layout_loops_ring, hangedman_decor_slide_cut
D:2:      layout_basic, uniq_robin, uniq_sigmund
D:3:      layout_loops_ring, tso_altar, grunt_temple_overflow_open,
          uniq_grinder, uniq_crazy_yiuf_cottage, uniq_natasha
D:4:      layout_cave_pools, grunt_temple_overflow_growth_and_decay,
          amcnicky_altar_gilded, st_stairs_11
D:5:      layout_rooms, chequers_ossuary_entry_cave
D:6:      layout_loops_corners, lemuel_round_altar, minmay_temple_entry_hall,
          serial_shops, nicolae_shop_window_shopping
D:7:      layout_gridville, kennysheep_slug_shrine
D:8:      layout_basic, uniq_prince_ribbit1
D:9:      layout_rooms, lair_entry_dummy
D:10:     layout_roguey, lightli_fourway_metalbox, uniq_maurice, uniq_nergalle

Skill      XL: |  1  2  3  4  5  6  7  8  9 10 |
---------------+-------------------------------+-----
Fighting       | 2 3 4 5 |  5.1
Short Blades   | 2 3 4 5 8 10 | 10.0
Invocations    | 3 5 6 8 |  8.8
Dodging        | 2 |  2.0
Stealth        | 6 7 |  7.7
Evocations     | 1 4 |  4.0
Throwing       | |  1.7

Action                   |  1- 3 |  4- 6 |  7- 9 | 10-12 || total
-------------------------+-------+-------+-------+-------++-------
Melee: Dagger            |   109 |   147 |   510 |   182 ||   948
       Bite              |    22 |    34 |   178 |    77 ||   311
Throw: Dart              |     8 |     9 |     4 |     6 ||    27
Evoke: Wand              |       |       |     2 |     8 ||    10
  Use: Scroll            |     3 |     4 |    10 |     6 ||    23
 Stab: Sleeping          |     4 |     3 |     5 |     1 ||    13
       Paralysed         |       |     2 |    15 |    11 ||    28
Armor: Scale mail        |    47 |    50 |   165 |    86 ||   348
Dodge: Dodged            |    48 |    48 |   153 |    43 ||   292
Block: Kite shield       |       |       |    33 |    60 ||    93

Table legend: (Time is in decaauts)
 A = Elapsed time spent in this place.
 B = Non-inter-level travel time spent in this place.
 C = Inter-level travel time spent in this place.
 D = Time resting spent in this place.
 E = Time spent auto-exploring this place.
 F = Levels seen in this place.
 G = Mean time per level.
                   A        B        C        D        E       F      G
               +--------+--------+--------+--------+--------+-----+--------+
         Total |   9562 |   8668 |    894 |   1255 |   5365 |  11 |  869.3 |
       Dungeon |   9074 |   8180 |    894 |   1153 |   5286 |  10 |  907.4 |
       Ossuary |    488 |    488 |      0 |    102 |     79 |   1 |  488.0 |
               +--------+--------+--------+--------+--------+-----+--------+

Top non-repeatable levels by time:
     D:1: 1644 daAuts
     D:8: 1306 daAuts
     D:3: 1233 daAuts
     D:7: 1059 daAuts
     D:6: 1008 daAuts
     D:2: 965 daAuts
     D:4: 678 daAuts
     D:9: 593 daAuts
     D:5: 507 daAuts
 Ossuary: 488 daAuts
    D:10: 78 daAuts
